 Dungeon Crawl Stone Soup version 0.01-2115-ge649c80b0b (webtiles) character file.

Game seed: 14220547748061429233, levelgen mode: deterministic

132 Lanoc the Chopper (level 5, 0/45 HPs) Hill Orc Demonspawn. Began on June 10, 2020. Slain by a sewer rat (6 damage) ... on level 1 of the Dungeon. The game lasted 00:02:06 (734 turns).

Lanoc the Chopper (Hill Orc Demonspawn)              Turns: 734, Time: 00:02:07

Health: 0/45       AC:  5    Str: 17    XL:     5 ^: 130
Magic:  0/7        EV: 12    Int: 12    God:
Gold:   27         SH:  0    Dex: 11    Spells: 6/7 levels left

rFire    . . .     Vision   .   a - +0 war axe
rCold    . . .     Gourm    .   (no weapon)
rNeg     . . .     Faith    .   e - +0 ring mail
rPois    .         Spirit   +   (no helmet)
rElec    .         Reflect  .   (no cloak)
rCorr    .         Harm     .   (no gloves)
MR       .....                  (no boots)
Stlth    +.........             (no amulet)
HPRegen  0.25/turn              (no ring)
MPRegen  0.34/turn              (no ring)

@: very slightly contaminated
A: magic shield, magic regeneration
a: no special abilities


You were on level 1 of the Dungeon.
You were not hungry.

You visited 1 branch of the dungeon, and saw 2 of its levels.

You collected 27 gold pieces.

Inventory:

Weapons
 a - a +0 war axe (weapon)
Armour
 e - a +0 ring mail (worn)
Scrolls
 b - a scroll of enchantment
 c - a scroll of teleportation
Comestibles
 d - 2 rations


   Skills:
 + Level 3.5 Fighting
 * Level 4.9 Axes & Hammers
 + Level 3.0 Dodging
 - Level 1.5 Stealth
 - Level 1.5 Spellcasting
   Level 3.6 Invocations


You had 6 spell levels left.
You knew the following spells:

 Your Spells              Type           Power        Failure   Level  Hunger
a - Flame Tongue          Fire           0 (40)       36%         1    ##.....

Your spell library contained the following spells:

 Spells                   Type           Power        Failure   Level  Hunger
 Blink                    Tloc           N/A          52%         2    ###....
 Call Imp                 Summ           0 (100)      52%         2    ###....
 Slow                     Hex            0 (100)      52%         2    ###....
 Conjure Flame            Fire           0 (100)      75%         3    ####...
 Mephitic Cloud           Pois/Air       0 (100)      75%         3    ####...


Dungeon Overview and Level Annotations

Branches:
Dungeon (2/8)

Altars:


Innate Abilities, Weirdness & Mutations

When hurt, damage is shared between your health and your magic reserves.
You regenerate magic rapidly.


Message History

You barely miss the sewer rat. You hit the sewer rat (2).
You hit the sewer rat but do no damage.
The sewer rat is almost dead. (1/11) HP The sewer rat closely misses you (0).
The sewer rat misses you (0). x2
You hit the sewer rat but do no damage.
The sewer rat is almost dead. (2/11) HP You hit the sewer rat (1).
You closely miss the sewer rat.
The sewer rat is almost dead. (2/11) HP The sewer rat bites you (2).
* * * LOW HITPOINT WARNING * * *
The sewer rat closely misses you (0). The sewer rat barely misses you (0).
You hit the sewer rat (3).
The sewer rat is severely wounded. (4/10) HP You barely miss the sewer rat.
You hit the sewer rat but do no damage.
The sewer rat is severely wounded. (4/10) HP The sewer rat barely misses you (0).
The sewer rat bites you (1).
You hit the sewer rat (4).
You kill the sewer rat!
You hit the sewer rat (1). The sewer rat bites you (8)!
You die...

#############
#...........#
#.#########.# #.#
#.#
#.#########.######
'..............r@#
######
#.#+#######+####†#
#....# #.....#
#.......# #.##.#
#.....# #.......#
#.##.# #.....#
#.......# #.##†#
#.#'### #.......#
#.##.# ..#.####
#..††..## #.##.#
###....# #......#
#.##.####### #
#...)#####.####
#...........


You could see a sewer rat.

Vanquished Creatures
  An adder (D:2)
  6 sewer rats
  4 cinder newts
  An ooze (D:2)
  A dart slug (D:1)
  2 leopard geckos (D:1)
  2 bats (D:1)
  A giant cockroach (D:1)
  4 goblins (D:1)
  9 hobgoblins (D:1)
  4 kobolds (D:1)
  5 rats (D:1)
40 creatures vanquished.

Notes
Turn   | Place    | Note
-------+----------+-------------------------------------------
     0 | D:1      | Lanoc the Hill Orc Demonspawn began the quest for the Orb.
     0 | D:1      | Reached XP level 1. HP: 18/18 MP: 3/3
    59 | D:1      | Reached skill level 3 in Axes & Hammers
    64 | D:1      | Gained mutation: When hurt, damage is shared between your
                  | health and your magic reserves. [demonic ancestry]
    64 | D:1      | Reached XP level 2. HP: 16/25 MP: 4/4
   287 | D:1      | Gained mutation: You regenerate magic rapidly. [demonic
                  | ancestry]
   287 | D:1      | Reached XP level 3. HP: 30/30 MP: 5/5
   412 | D:2      | Reached skill level 4 in Axes & Hammers
   412 | D:2      | Reached XP level 4. HP: 32/38 MP: 4/6
   415 | D:2      | Noticed a big kobold
   722 | D:2      | Reached XP level 5. HP: 25/45 MP: 2/7
   734 | D:1      | Slain by a sewer rat

Levels and vault maps discovered:
D:1:      evilmike_arrival_hilbert_curve, layout_basic, first_ration
D:2:      layout_sewer, uniq_ijyb

Skill      XL: |  1  2  3  4 |
---------------+-------------+-----
Axes & Hammers | 3 4 |  4.9
Fighting       | 3 |  3.5
Dodging        | 3 |  3.0
Stealth        | |  1.5
Spellcasting   | |  1.5
Invocations    | |  3.6

Action                   |  1- 3 |  4- 6 || total
-------------------------+-------+-------++-------
Melee: War axe           |    54 |    41 ||    95
       Unarmed           |    36 |    30 ||    66
 Cast: Flame Tongue      |       |     3 ||     3
 Stab: Sleeping          |     1 |       ||     1
Armor: Leather armour    |     6 |       ||     6
       Ring mail         |     9 |     7 ||    16
Dodge: Dodged            |    55 |    50 ||   105
